 Dungeon Crawl Stone Soup version 0.30.0-29-ga12c61a403 (webtiles) character file.

Game seed: 751734274469961459

5686 Graphine the Fiendish (level 10, 0/79 HPs)
             Began as a Demonspawn Monk on June 24, 2023.
             Was a Priest of Makhleb.
             Slain by a death yak (18 damage)
             ... on level 9 of the Dungeon.
             The game lasted 00:16:56 (9257 turns).

Graphine the Fiendish (Demonspawn Monk)             Turns: 9257, Time: 00:16:57

Health: 0/79       AC:  7    Str: 12    XL:     10   Next: 47%
Magic:  16/16      EV: 13    Int: 15    God:    Makhleb [***...]
Gold:   163        SH:  0    Dex: 20    Spells: 17/17 levels left

rFire   . . .        a - +4 hand crossbow
rCold   . . .        d - orb {light}
rNeg    . . .        s - +0 ring mail
rPois   .            (helmet restricted)
rElec   .            (no cloak)
rCorr   .            l - +0 pair of gloves
SInv    .            (no boots)
Will    .....        (no amulet)
Stlth   +            (no ring)
HPRegen 0.33/turn    (no ring)
MPRegen 0.30/turn

%: no passive effects
@: glowing
A: antennae 1, foul stench 2, magic regeneration, big brain 2
a: Renounce Religion, Minor Destruction, Lesser Servant of Makhleb


You were on level 9 of the Dungeon.
You worshipped Makhleb.
Makhleb was most pleased with you.
You visited 2 branches of the dungeon, and saw 10 of its levels.
You also visited: Ossuary.

You collected 320 gold pieces.
You spent 157 gold pieces at shops.

Inventory:

Hand Weapons
 a - a +4 hand crossbow (weapon)
 u - a +5 long sword
 v - the +1 dagger of Jeoj {antimagic, rC+ rN+ rCorr}
   (You found it on level 7 of the Dungeon)

   rC:        It protects you from cold.
   rN:        It protects you from negative energy.
   rCorr:     It protects you from acid and corrosion.
 x - a +2 dagger of speed
Missiles
 b - 3 throwing nets
Armour
 d - an orb of light (worn)
 l - a +0 pair of gloves (worn)
 s - a +0 ring mail (worn)
 y - a +1 robe of resistance
Jewellery
 h - a ring of protection from cold
Wands
 k - a wand of roots (14)
 m - a wand of flame (53)
 o - a wand of paralysis (10)
Scrolls
 c - 2 scrolls of noise
 i - a scroll of poison
 j - 3 scrolls of teleportation
Potions
 e - 3 potions of invisibility
 f - a potion of lignification
 g - 3 potions of curing
 n - 2 potions of ambrosia
 p - 2 potions of magic
 q - 3 potions of berserk rage
 r - a potion of degeneration {unknown}
 t - 4 potions of haste
 w - 4 potions of flight
 z - 2 potions of mutation {unknown}
 A - 2 potions of brilliance
 B - 2 potions of might {unknown}


   Skills:
 * Level 7.1 Fighting
 - Level 5.0 Long Blades
 + Level 3.6 Ranged Weapons
 + Level 3.8 Armour
 + Level 5.0 Dodging
 + Level 4.0 Shields
 + Level 4.1 Spellcasting
 * Level 6.8 Necromancy
 * Level 8.2 Invocations


You had 17 spell levels left.
You didn't know any spells.
Your spell library contained the following spells:

 Spells                   Type           Power      Damage    Failure   Level
 Sandblast                Erth           6%         2d5       36%         1
 Passwall                 Tmut/Erth      2%         N/A       50%         2
 Stone Arrow              Conj/Erth      6%         3d7       75%         3


Dungeon Overview and Level Annotations

Branches:
Dungeon (9/15)             Temple (1/1) D:6         Ossuary (visited)
   Lair: D:8-11         Orc: D:9-12

Altars:
Dithmenos
Fedhas
Gozag
Makhleb
Okawaru
Qazlal
Ru
Sif Muna
Trog
Vehumet
Yredelemnul

Shops:
D:4 :*!*


Innate Abilities, Weirdness & Mutations

You have a pair of small antennae on your head.
You sometimes emit foul miasma when damaged in melee.
You regenerate magic rapidly.
You have an extremely huge brain. (Int +4)


Message History

The death yak misses you.
You shoot a bolt. The yak bellows!
The bolt hits the death yak!
The death yak is severely wounded.
You hear a shout!
The yak gores you! The death yak gores you.
You shoot a bolt.
The bolt hits the death yak but does no damage.
The death yak is severely wounded.
A yak comes into view.
The yak gores you!
You emit a cloud of foul miasma!
The death yak gores you!!
The yak is engulfed in dark miasma.
The yak is poisoned.
The yak gores you.
A yak comes into view.
The death yak gores you but does no damage.
The yak bellows!
You are confused.
You feel invigorated.
The yak bellows!
You hear a bellow!
The yak is engulfed in dark miasma.
The yak looks even sicker.
The yak misses you.
Non-targeted confused fire: a) +4 hand crossbow
Press: ? - help, Q - select action, (/) - cycle Dir - look around, f - activate Look: a death yak (heavily wounded, haloed)
You shoot a bolt. The bolt hits the yak!!
The yak is severely wounded.
The yak is engulfed in dark miasma.
The yak looks even sicker.
The yak seems to slow down.
The yak closely misses you. The death yak completely misses you.
The yak gores you!
You emit a cloud of foul miasma!
The yak is engulfed in dark miasma.
The yak looks as sick as possible!
You kill the yak!
Makhleb accepts your kill. The death yak gores you!!
* * * LOW HITPOINT WARNING * * *
Your Dodging skill increases to level 5!
Unknown command.
You feel better.
You feel less invigorated.
The yak is engulfed in dark miasma.
The yak is poisoned.
The yak closely misses you. The death yak gores you!!
You die...

. .. . ... ..
....########...
.............#
.......Y○YY..#
.......@YY)..#
####+#########


You could see a death yak and 4 yaks.

Vanquished Creatures
  A two-headed ogre (D:8)
  2 hornets (D:7)
  Grinder (D:3)
  Prince Ribbit (D:6)
  Sigmund (D:3)
  A yak (D:9)
  2 steam dragons
  Menkaure (D:4)
  Edmund (D:6)
  2 water moccasins (D:6)
  Duvessa (D:6)
  An ice beast (D:7)
  A sky beast (D:8)
  An orc warrior (D:6)
  2 ogres (D:7)
  2 centaurs
  A phantom (D:6)
  Blork the orc (D:6)
  2 kobold brigands
  5 bullfrogs
  3 water moccasin zombies (Ossuary)
  3 scorpions
  13 wights
  Dowan (D:6)
  3 killer bees (D:8)
  A howler monkey (D:5)
  3 jellies
  3 orc priests
  A hound (D:6)
  3 iguanas
  8 orc wizards
  2 mummies (Ossuary)
  4 gnolls (D:5)
  9 adders
  4 shadow imps
  A white imp (D:5)
  2 adder zombies (Ossuary)
  A worm (D:3)
  3 dart slugs
  19 orcs
  7 bats
  4 endoplasms
  4 giant cockroaches
  5 gnoll zombies (Ossuary)
  3 goblins
  6 hobgoblins
  5 quokkas
  6 ball pythons
  5 frilled lizards
  6 hobgoblin zombies (Ossuary)
  15 kobolds
  3 kobold zombies (Ossuary)
  3 orc zombies (Ossuary)
  5 rats
194 creatures vanquished.

Notes
Turn   | Place    | Note
-------+----------+-------------------------------------------
     0 | D:1      | Graphine the Demonspawn Monk began the quest for the Orb.
     0 | D:1      | Reached XP level 1. HP: 18/18 MP: 1/1
    69 | D:1      | Gained mutation: You may rarely emit foul miasma when
                  | damaged in melee. [demonic ancestry]
    69 | D:1      | Reached XP level 2. HP: 5/24 MP: 2/2
   292 | D:1      | Reached skill level 1 in Invocations
   359 | D:1      | Found a faded altar of an unknown god.
   528 | D:1      | Gained mutation: You regenerate magic rapidly. [demonic
                  | ancestry]
   528 | D:1      | Reached XP level 3. HP: 29/29 MP: 4/4
   723 | D:2      | Reached skill level 1 in Spellcasting
   823 | D:2      | Reached skill level 1 in Necromancy
  1310 | D:3      | Gained mutation: You have an unusually large brain. (Int
                  | +2) [demonic ancestry]
  1310 | D:3      | Reached XP level 4. HP: 31/35 MP: 5/5
  1425 | D:3      | Reached skill level 1 in Shields
  1432 | D:3      | Noticed Sigmund
  1460 | D:3      | Killed Sigmund
  1461 | D:3      | Reached skill level 1 in Armour
  1461 | D:3      | Reached skill level 2 in Invocations
  1461 | D:3      | Gained mutation: You have an extremely huge brain. (Int +4)
                  | [demonic ancestry]
  1461 | D:3      | Reached XP level 5. HP: 34/42 MP: 5/7
  1680 | D:3      | Found a shimmering blue altar of Sif Muna.
  1889 | D:3      | Noticed Grinder
  1894 | D:3      | Paralysed by Grinder for 3 turns
  1899 | D:3      | Killed Grinder
  1900 | D:3      | Reached skill level 3 in Invocations
  1900 | D:3      | Gained mutation: You have a pair of small antennae on your
                  | head. [demonic ancestry]
  1900 | D:3      | Reached XP level 6. HP: 10/48 MP: 8/8
  2437 | D:4      | Gained mutation: You sometimes emit foul miasma when
                  | damaged in melee. [demonic ancestry]
  2437 | D:4      | Reached XP level 7. HP: 54/54 MP: 9/9
  3010 | D:4      | Found Danworao's Distillery.
  3011 | D:4      | Found Danoteix's Book Shop.
  3011 | D:4      | Found Orepusm's Assorted Antiques.
  3012 | D:4      | Found Cagijif's Assorted Antiques.
  3145 | D:4      | Noticed Menkaure
  3152 | D:4      | Killed Menkaure
  3153 | D:4      | Reached skill level 1 in Ranged Weapons
  3153 | D:4      | Reached skill level 4 in Invocations
  3806 | D:5      | Entered Level 5 of the Dungeon
  4024 | D:4      | Bought a scroll of enchant weapon for 157 gold pieces
  4137 | D:5      | Found an iron altar of Okawaru.
  4402 | D:5      | Reached XP level 8. HP: 58/61 MP: 11/11
  4512 | D:5      | Found an opulent altar of Gozag.
  4769 | D:6      | Noticed Edmund
  4778 | D:6      | Killed Edmund
  4779 | D:6      | Reached skill level 5 in Invocations
  4959 | D:6      | Noticed Dowan
  4960 | D:6      | Noticed Duvessa
  4979 | D:6      | Killed Duvessa
  4980 | D:6      | Reached skill level 5 in Fighting
  4980 | D:6      | Killed Dowan
  5243 | D:6      | Noticed Prince Ribbit
  5243 | D:6      | Noticed Blork the orc
  5251 | D:6      | Killed Blork the orc
  5252 | D:6      | Killed Prince Ribbit
  5296 | D:6      | Reached skill level 6 in Invocations
  5419 | D:6      | Reached XP level 9. HP: 62/68 MP: 13/13
  5524 | D:6      | Reached skill level 5 in Necromancy
  5989 | D:6      | Found a staircase to the Ecumenical Temple.
  6009 | Temple   | Entered the Ecumenical Temple
  6055 | Temple   | Became a worshipper of Makhleb the Destroyer
  6055 | Temple   | Reached * piety under Makhleb
  6055 | Temple   | Reached ** piety under Makhleb
  6259 | D:7      | Paralysed by a hornet for 3 turns
  6610 | D:7      | Paralysed by a hornet for 2 turns
  6617 | D:7      | HP: 2/69 [something/puff of flame (6)]
  6715 | D:7      | Reached skill level 7 in Invocations
  6846 | D:7      | Found a bloodstained altar of Trog.
  6860 | D:7      | Found a sand-covered staircase.
  6868 | D:7      | Identified the +1 dagger of Jeoj {antimagic, rC+ rN+ rCorr}
  6874 | Ossuary  | Entered an ossuary
  7059 | D:7      | Found a radiant altar of Vehumet.
  7507 | D:8      | Found a blossoming altar of Fedhas.
  7875 | D:8      | Reached XP level 10. HP: 68/69 MP: 15/15
  7883 | D:8      | Reached *** piety under Makhleb
  8921 | D:8      | Noticed a two-headed ogre
  8926 | D:8      | Killed a two-headed ogre
  8927 | D:8      | Reached skill level 5 in Long Blades
  8927 | D:8      | Reached skill level 8 in Invocations
  9131 | D:8      | Found a sacrificial altar of Ru.
  9247 | D:9      | Noticed a death yak
  9257 | D:9      | Reached skill level 5 in Dodging
  9257 | D:9      | Slain by a death yak

Illustrated notes

Levels and vault maps discovered:
D:1:      tarquinn_simple_flora_water_b, layout_rooms,
          shapermc_ecumenical_altar_totnotflames
D:2:      layout_loops_cross
D:3:      minmay_inner_zag, layout_basic, mainiacjoe_overflow_small_starburst,
          cheibrodos_sewer_entry_bend, dreamdust_mushroom_princess,
          uniq_sigmund, uniq_grinder
D:4:      layout_loops_corners, dreamdust_divine_triumvirate, serial_glass,
          glass_columns_b, glass_columns_c, glass_columns_b, glass_columns_a,
          glass_columns_a, kennysheep_cross_room, minivault_11,
          nicolae_wooded_promenade, uniq_menkaure
D:5:      layout_rooms, lemuel_crystal_altar, mainiacjoe_overflow_alcove_2
D:6:      nicolae_cairo_tiling_large_dashed, layout_loops_ring,
          minmay_temple_entry_nine_rooms, uniq_blork_the_orc,
          uniq_prince_ribbit1, uniq_duvessa, uniq_edmund
D:7:      layout_basic, general_overflow_altar, vehumet_crystals,
          enter_ossuary_1
D:8:      layout_loops_corners, nicolae_ru_the_path_less_chosen,
          fedhas_ov_isle_minmay
D:9:      minmay_the_grid_4x2 [minmay_the_grid_holed_spiral,
          minmay_the_grid_broken_lines, minmay_the_grid_tree,
          minmay_the_grid_fan, minmay_the_grid_tiny_cups,
          minmay_the_grid_minigrid_small, minmay_the_grid_paths,
          minmay_the_grid_prize_big_room], layout_stronghold,
          mainiacjoe_overflow_chevrons, mainiacjoe_overflow_boulevard,
          mainiacjoe_overflow_divided_tiny, dpeg_lair_monsters,
          kennysheep_generic_room_14, uniq_pikel
Temple:   nicolae_temple_superstar

Skill      XL: |  1  2  3  4  5  6  7  8  9 10 |
---------------+-------------------------------+-----
Invocations    | 1 2 3 4 6 7 8 |  8.2
Spellcasting   | 1 2 3 4 |  4.1
Long Blades    | 3 4 5 |  5.0
Necromancy     | 1 2 3 4 6 |  6.8
Shields        | 1 2 3 4 |  4.0
Armour         | 1 2 3 |  3.8
Dodging        | 3 4 5 |  5.0
Fighting       | 4 5 6 7 |  7.1
Ranged Weapons | 1 2 3 |  3.6

Action                     |  1- 3 |  4- 6 |  7- 9 | 10-12 || total
---------------------------+-------+-------+-------+-------++-------
  Melee: Falchion          |    86 |       |       |       ||    86
         Scimitar          |    15 |    31 |     4 |       ||    50
         Hand crossbow     |       |       |     3 |       ||     3
   Fire: Hand crossbow     |       |    18 |   254 |    88 ||   360
    Use: Scroll            |     7 |       |    16 |     1 ||    24
         Potion            |       |     1 |     3 |     3 ||     7
 Armour: Leather armour    |    30 |       |       |       ||    30
         Plate armour      |    10 |    25 |    10 |       ||    45
         Ring mail         |       |       |    29 |    20 ||    49
  Dodge: Dodged            |    84 |     8 |   119 |    49 ||   260
